 Dungeon Crawl Stone Soup version 0.17-a0-2098-gf59d6bc (webtiles) character file.

2042 brucemayne the Cleaver (level 9, 0/117 HPs)
             Began as a Deep Dwarf Monk on Oct 17, 2015.
             Was a Follower of Trog.
             Slain by a spiny frog (9 damage)
             ... on level 9 of the Dungeon.
             The game lasted 00:12:22 (2015 turns).

brucemayne the Cleaver (Deep Dwarf Monk)            Turns: 2015, Time: 00:12:23

Health: 0/117      AC:  6    Str: 22    XL:     9   Next: 4%
Magic:  7/7        EV: 12    Int: 12    God:    Trog [*.....]
Gold:   86         SH:  0    Dex: 15    Spells: 0 memorised, 8 levels left

rFire  . . .     SeeInvis +     e - +1 hand axe (chop)
rCold  . . .     Clarity  .     l - +0 ring mail
rNeg   . . .     SustAt   .     (no shield)
rPois  .         Gourm    .     (no helmet)
rElec  .         Spirit   .     G - +0 cloak
rCorr  .         Warding  .     (no gloves)
rMut   .         Stasis   .     (no boots)
MR     +....                    (no amulet)
Stlth  ..........               t - +3 ring of slaying
                                k - ring of see invisible

@: berserking, lethally poisoned (0 -> -40), non-regenerating, very quick,
somewhat resistant to hostile enchantments, extremely unstealthy
A: damage resistance, recharge devices, sense surroundings 2, slow regeneration
3
a: Device Recharging, Burn Spellbooks, Berserk, Renounce Religion


You were on level 9 of the Dungeon.
You worshipped Trog.
Trog was aware of your devotion.
You were not hungry.

You visited 1 branch of the dungeon, and saw 10 of its levels.

You collected 122 gold pieces.
You spent 36 gold pieces at shops.

Inventory:

Hand Weapons
 d - a +0 dagger
 e - a +1 hand axe of chopping (weapon)
 g - a +0 short sword
 n - a +0 war axe
 o - a +0 battleaxe
Missiles
 y - a javelin (quivered)
Armour
 a - a +0 robe
 l - a +0 ring mail (worn)
 p - a -2 chain mail
 G - a +0 cloak (worn)
 I - a +0 plate armour
Jewellery
 k - a ring of see invisible (left hand)
 t - a +3 ring of slaying (right hand)
 E - an uncursed ring of stealth
Wands
 u - a wand of confusion (10)
 z - a wand of lightning (3)
 A - a wand of heal wounds (2)
 C - a wand of paralysis (17)
 H - a wand of digging (13)
Scrolls
 f - a scroll of magic mapping
 r - 2 scrolls of remove curse
 s - a scroll of noise {unknown}
 v - a scroll of teleportation {unknown}
 w - 3 scrolls of identify {unknown}
 F - a scroll of enchant armour {unknown}
Potions
 i - a potion of curing {unknown}
 m - a potion of cancellation {unknown}
 q - 2 potions of brilliance {unknown}
 x - a potion of lignification {unknown}
 B - a potion of heal wounds {unknown}
 D - a potion of poison {unknown}
Books
 j - a book of Alchemy

   Spells                             Type                      Level
   a - Sublimation of Blood           Necromancy                   2
   b - Ignite Poison                  Fire/Transmutation/Poison    3
   c - Alistair's Intoxication        Transmutation/Poison         4
   d - Condensation Shield            Ice                          4
   e - Petrify                        Transmutation/Earth          4
   f - Irradiate                      Conjuration/Transmutation    5
   Trog disapproves of the use of such an item.
Comestibles
 b - 7 chunks of flesh
 c - a bread ration
 h - 2 beef jerkies


   Skills:
 - Level 3.8 Fighting
 + Level 11.8 Axes
 - Level 2.6 Armour
 - Level 3.2 Dodging
 - Level 2.4 Stealth
 - Level 3.6 Unarmed Combat


You had 8 spell levels left.
You didn't know any spells.

Dungeon Overview and Level Annotations

Branches:
Dungeon (10/15)            Temple (0/1) D:6            Lair (0/8) D:8
    Orc: D:9-12

Altars:
Gozag
Trog

Shops:
D:6 ?


Innate Abilities, Weirdness & Mutations

You are resistant to damage.
You can recharge devices by infusing magical energy.
You passively map the area around you.
You do not regenerate naturally.


Message History

You feel sick.
You closely miss the spiny frog.
The spiny frog is heavily wounded.
You feel sick. The spiny frog stings you!!
* * * LOW HITPOINT WARNING * * *
You are more poisoned.
The spiny frog poisons you!
You closely miss the spiny frog.
The spiny frog is heavily wounded.
* * * LOW HITPOINT WARNING * * *
You feel sick. The spiny frog barely misses you.
You closely miss the spiny frog.
The spiny frog is heavily wounded.
* * * LOW HITPOINT WARNING * * *
You feel very sick.
You barely miss the spiny frog.
The spiny frog is heavily wounded.
* * * LOW HITPOINT WARNING * * *
You feel sick. The spiny frog stings you!
You die...

#...#...'....##,, #..#
#...#...#....# +..#
#...#...#....#### , #..#
#...#...#.......######..#
#...'...#................
##..#...#................
#..#####..########......
#......[..# #......
###....@..# #......
#.....F.# #......
#.......# #......
#.......# #######
#########


You could see a spiny frog.

Vanquished Creatures
  Maurice (D:9)
  Psyche (D:9)
  2 yaks
  A black bear (D:8)
  An orc warrior (D:8)
  2 ogres
  A centaur (D:9)
  4 giant frogs
  Blork the orc (D:5)
  2 scorpions (D:9)
  A crimson imp (D:9)
  A jelly (D:7)
  2 centaur zombies (D:7)
  2 hounds
  Terence (D:3)
  A worker ant zombie (D:7)
  An adder (D:4)
  9 orcs
  4 giant cockroaches
  A goblin (D:2)
  A hobgoblin (D:2)
  A jackal (D:1)
  A quokka (D:8)
  A bat (D:9)
  4 kobolds
  A quokka zombie (D:5)
  3 rats
51 creatures vanquished.

Notes
Turn   | Place    | Note
--------------------------------------------------------------
     0 | D:1      | brucemayne the Deep Dwarf Monk began the quest for the Orb.
     0 | D:1      | Reached XP level 1. HP: 20/20 MP: 1/1
    48 | D:1      | Reached skill level 1 in Armour
   103 | D:2      | Reached XP level 2. HP: 24/27 MP: 2/2
   206 | D:3      | Noticed Terence
   217 | D:3      | Killed Terence
   217 | D:3      | Reached XP level 3. HP: 13/34 MP: 3/3
   277 | D:4      | Found a bloodstained altar of Trog.
   286 | D:4      | Became a worshipper of Trog the Wrathful
   286 | D:4      | Reached * piety under Trog
   286 | D:4      | Reached ** piety under Trog
   349 | D:5      | Entered Level 5 of the Dungeon
   393 | D:4      | Reached XP level 4. HP: 25/44 MP: 4/4
   539 | D:5      | Noticed Blork the orc
   552 | D:5      | Killed Blork the orc
   552 | D:5      | Reached XP level 5. HP: 20/50 MP: 5/5
   587 | D:5      | Found an opulent altar of Gozag.
   595 | D:5      | Noticed an ogre
   614 | D:5      | Killed an ogre
   614 | D:5      | Reached skill level 4 in Axes
   757 | D:6      | Found Disku's Magic Scroll Emporium.
   768 | D:6      | Reached skill level 5 in Axes
   768 | D:6      | Reached XP level 6. HP: 13/57 MP: 6/6
   779 | D:6      | Bought a scroll of remove curse for 36 gold pieces
  1162 | D:7      | Reached skill level 6 in Axes
  1283 | D:7      | Reached XP level 7. HP: 29/63 MP: 7/7
  1386 | D:9      | Noticed Psyche
  1395 | D:9      | Killed Psyche
  1395 | D:9      | Reached skill level 8 in Axes
  1552 | D:9      | Noticed Maurice
  1667 | D:9      | Reached skill level 9 in Axes
  1667 | D:9      | Reached XP level 8. HP: 44/72 MP: 8/8
  1753 | D:10     | Entered Level 10 of the Dungeon
  1855 | D:9      | Killed Maurice
  1855 | D:9      | Reached skill level 10 in Axes
  1909 | D:8      | Noticed a yak
  1910 | D:8      | Found a staircase to the Lair.
  1917 | D:8      | Noticed a yak
  1923 | D:9      | HP: 3/108 [yak (13)]
  1925 | D:9      | Killed a yak
  1925 | D:9      | Reached skill level 11 in Axes
  1969 | D:8      | Noticed a spiny frog
  1972 | D:8      | Killed a yak
  1972 | D:8      | Gained mutation: You passively map the area around you. [Deep Dwarf growth]
  1972 | D:8      | Reached XP level 9. HP: 22/78 MP: 8/8
  2003 | D:8      | Noticed a blink frog
  2015 | D:9      | Slain by a spiny frog

Vault maps used:
D:1:      minmay_arrival_five_plusses, minmay_box_of_dots
D:2:      good_gods_temple_1, minmay_unequal
D:3:      nicolae_overflow_crystal_walls, ecumenical_altar_2,
          grunt_ministairs_8, minmay_door_square, uniq_grinder, uniq_terence,
          uniq_robin
D:4:      lightli_temple_of_fire, first_bread
D:5:      overflow_temple_1_default, uniq_crazy_yiuf_cottage, uniq_blork_the_orc
D:6:      nicolae_qazlal_style_of_elements, minmay_temple_entry_fiery,
          serial_shops, shop
D:7:      kennysheep_big_flooded_room, grunt_ogre_cave
D:8:      dpeg_lair_monsters
D:9:      old_forge, uniq_maurice, uniq_psyche
D:10:     basic_altar, minmay_stone_trees_medium, lemuel_old_faithful

Action                   |  1- 3 |  4- 6 |  7- 9 || total
-------------------------+-------+-------+-------++-------
Melee: Unarmed           |    57 |       |       ||    57
       Short sword       |     7 |    11 |       ||    18
       Battleaxe         |       |     7 |       ||     7
       Hand axe          |       |    78 |    78 ||   156
Throw: Javelin           |     4 |     2 |     5 ||    11
Invok: Trog's Hand       |     1 |     3 |     6 ||    10
       Berserk           |       |     2 |     6 ||     8
 Abil: Device Recharging |       |       |     2 ||     2
Evoke: Wand              |       |       |     3 ||     3
  Use: Potion            |       |     1 |       ||     1
       Scroll            |       |     2 |       ||     2
 Stab: Sleeping          |     1 |     1 |     1 ||     3
       Invisible         |       |     1 |       ||     1
  Eat: Chunk             |       |     3 |     8 ||    11
       Pizza             |       |       |     1 ||     1
